 Dungeon Crawl Stone Soup version 0.27-a0-909-g0721f309d1 (webtiles) character file.

Game seed: 4892635339949169475

21 kae the Insei (level 2, -1/23 HPs)
             Began as a Demonspawn Gladiator on Apr 8, 2021.
             Slain by a gnoll
             ... wielding a +0 flail
              (7 damage)
             ... on level 1 of the Dungeon.
             The game lasted 00:00:31 (1504 turns).

kae the Insei (Demonspawn Gladiator)                Turns: 1504, Time: 00:00:32

Health: -1/23      AC:  4    Str: 14    XL:     2   Next: 62%
Magic:  2/2        EV: 12    Int:  9    God:
Gold:   47         SH:  0    Dex: 16    Spells: 1/1 levels left

rFire    . . .     SeeInvis .     - Unarmed
rCold    . . .     Faith    .   (no shield)
rNeg     . . .     Spirit   .   a - +0 leather armour
rPois    .         Reflect  .   b - +0 helmet
rElec    .         Harm     .   (no cloak)
rCorr    .         Rampage  .   (no gloves)
Will     .....                  (no boots)
Stlth    ++........             (no amulet)
HPRegen  0.07/turn              (no ring)
MPRegen  0.08/turn              (no ring)

@: no status effects
A: thin skeletal structure 1
a: no special abilities


You were on level 1 of the Dungeon.
You visited 1 branch of the dungeon, and saw 2 of its levels.

You collected 47 gold pieces.

Inventory:

Missiles
 c - 3 throwing nets (quivered)
Armour
 a - a +0 leather armour (worn)
 b - a +0 helmet (worn)
Jewellery
 d - a ring of poison resistance
Potions
 f - 2 potions of curing
 g - a potion of magic {unknown}


   Skills:
 + Level 2.3 Fighting
 - Level 1.7 Throwing
 + Level 2.9 Dodging
 * Level 3.2 Unarmed Combat


You had one spell level left.
You didn't know any spells.
Your spell library was empty.

Dungeon Overview and Level Annotations

Branches:
Dungeon (2/15)

Altars:


Innate Abilities, Weirdness & Mutations

You have a somewhat thin skeletal structure. (Dex +2, Stealth)


Message History

You completely miss the endoplasm.
The endoplasm is almost dead.
The endoplasm freezes you.
You are frozen.
You hit the endoplasm.
You kill the endoplasm!
HP restored.
f - 2 potions of curing (gained 1)
A gnoll comes into view. It is wielding a +0 flail.
A gnoll comes into view. It is wielding a +0 flail.
The gnoll shouts!
You hear a shout!
A gnoll sergeant comes into view. It is wielding a +1 trident of venom.
A gnoll comes into view. It is wielding a +0 spear.
There are monsters nearby!
The gnoll shouts!
The gnoll sergeant shouts!
A gnoll comes into view. It is wielding a +0 spear.
There are monsters nearby!
You barely miss the gnoll. The gnoll barely misses you.
You hit the gnoll but do no damage. The gnoll hits you with a +0 flail.
There are monsters nearby!
Unknown command.
The gnoll barely misses you.
There is a stone staircase leading up here.
The gnoll hits you with a +0 flail.
You climb upwards.
There is a stone staircase leading down here.
You barely miss the gnoll. The gnoll hits you but does no damage.
You hit the gnoll.
The gnoll is moderately wounded.
You hit the gnoll.
The gnoll is heavily wounded.
The gnoll hits you with a +0 flail.
You hit the gnoll but do no damage.
The gnoll is heavily wounded.
The gnoll hits you with a +0 flail.
* * * LOW HITPOINT WARNING * * *
You barely miss the gnoll.
The gnoll is heavily wounded.
The gnoll hits you with a +0 flail!
You die...

#.#................# #.#
##.##.###.....####.####.#
####.# #...............#
#.####.#.#§###.######
#........#.§§.##
######..>#.§§.# ###.#....#
#.#g...# #.#.@<.# #.######
###.#### ########### #####
#......# #..........
####...####.#.##.#
#.######.##
#..#.#.†.......#.######.####
#.#
#.#....####................#
#.# #.##..##
##...########.##.###.#
#.###.# ##.## #........#


You could see a gnoll.

Vanquished Creatures
  2 endoplasms
  A giant cockroach (D:1)
  6 hobgoblins (D:1)
  A kobold (D:1)
  A ball python (D:1)
  3 bats (D:1)
  2 frilled lizards (D:1)
  2 rats (D:1)
18 creatures vanquished.

Notes
Turn   | Place    | Note
-------+----------+-------------------------------------------
     0 | D:1      | kae the Demonspawn Gladiator began the quest for the Orb.
     0 | D:1      | Reached XP level 1. HP: 16/16 MP: 1/1
    91 | D:1      | Found a faded altar of an unknown god.
   316 | D:1      | Reached skill level 3 in Unarmed Combat
   316 | D:1      | Gained mutation: You have a somewhat thin skeletal
                  | structure. (Dex +2, Stealth) [demonic ancestry]
   316 | D:1      | Reached XP level 2. HP: 22/22 MP: 2/2
  1470 | D:2      | Noticed a gnoll sergeant
  1504 | D:1      | Slain by a gnoll

Illustrated notes

Levels and vault maps discovered:
D:1:      dpeg_arrival_fog, layout_loops_corners, serial_aquarium,
          aquarium_bridge_long_separate [aquarium_subvault_wall,
          aquarium_subvault_bridge, aquarium_subvault_wall,
          aquarium_subvault_bridge, aquarium_subvault_wall,
          aquarium_subvault_bridge], aquarium_bridge_square
          [aquarium_subvault_wall, aquarium_subvault_balcony,
          aquarium_subvault_wall, aquarium_subvault_bridge],
          aquarium_window_corner, aquarium_window_1, aquarium_view_2e,
          aquarium_view_2b, aquarium_balcony_5a, basic_ecumenical_altar
D:2:      layout_basic, minivault_26

Skill      XL: |  1 |
---------------+----+-----
Unarmed Combat | 3 |  3.2
Fighting       | |  2.3
Throwing       | |  1.7
Dodging        | |  2.9

Action                   || total
-------------------------++-------
Melee: Unarmed           ||    83
       Punch             ||     1
  Use: Scroll            ||     2
 Stab: Sleeping          ||     2
Armor: Leather armour    ||    20
Dodge: Dodged            ||    55

Table legend: (Time is in decaauts)
 A = Elapsed time spent in this place.
 B = Non-inter-level travel time spent in this place.
 C = Inter-level travel time spent in this place.
 D = Time resting spent in this place.
 E = Time spent auto-exploring this place.
 F = Levels seen in this place.
 G = Mean time per level.
                   A        B        C        D        E       F      G
               +--------+--------+--------+--------+--------+-----+--------+
         Total |   1499 |   1433 |     66 |      0 |   1245 |   2 |  749.5 |
       Dungeon |   1499 |   1433 |     66 |      0 |   1245 |   2 |  749.5 |
               +--------+--------+--------+--------+--------+-----+--------+

Top non-repeatable levels by time:
     D:1: 1390 daAuts
     D:2: 109 daAuts
